[Event "Early-Titled-Tuesday-Blitz-October-03-2023"]
[Site "Chess.com"]
[Date "2023.10.03"]
[Round "9"]
[White "bazar-wokzal"]
[Black "venturov"]
[Result "0-1"]
[WhiteElo "2607"]
[BlackElo "2501"]
[TimeControl "180+1"]
[EndTime "9:47:56 PDT"]
[Termination "venturov won by resignation"]

1. e4 c5 2. c3 Nf6 3. e5 Nd5 4. d4 cxd4 5. cxd4 d6 6. Bc4 e6 7.
Nf3 Be7 8. O-O O-O 9. Qe2 b6 10.
Qe4 Ba6 11. Bxd5 exd5 12. Qxd5 Nc6 13. Re1 Nb4 14. Qb3 dxe5 15. dxe5 Rc8 16. Nc3 Bc4 17. Qd1 Nd3 18. Re4 Ba6 19. Ra4 Nc5 20. Rd4 Qe8 21. Nd5 Bb7 22. Be3 Ne6 23. Rd2 Bc5 24. Rc1 Bxd5 25. Rxd5 Bxe3 26. fxe3 Rxc1 27. Qxc1 Qa8 28.
Rd3 h6 29. Qd2 Rc8 30. Nd4 Nc5 31. Rc3 Rd8 32. Qc2 Qd5 33. b4 Ne6 34. Rc8 Nxd4 35. Rxd8+ Qxd8 36. exd4 Qxd4+ 37. Kf1 Qxe5 38. Qc8+ Kh7 39.
Qb7 Qf4+ 40. Kg1 Qd4+ 41. Kf1 Qc4+ 42. Kf2 Qxa2+ 43. Kg3 Qa3+ 44. Kf2 Qb2+ 45. Kg3 Qc3+ 46. Kf2 Qd2+ 47. Kf3 Qd3+ 48. Kf2 Qd4+ 49. Kf3 Qxb4 50. Qxa7 Qc3+ 51. Kf2 Qd4+ 52. Kf3 Qc3+ 53. Kf2 Qc5+ 54. Kf3 Qd5+ 55. Kf2 b5 56. Qc7 b4 57. Qc2+ g6 58. Qb2 b3 59. h4 h5 60. g4 hxg4 61. h5 Qxh5 62. Qxb3 Qh2+ 63. Kf1 Qh1+ 64. Kf2 Qf3+ 65.
Qxf3 gxf3 66. Kxf3 f5 67. Kf4 Kg7 68. Kg5 Kf7 69. Kf4 Kf6 70. Kg3 g5 71. Kf3 Kg6 72.
Kg3 Kh5 73. Kh3 g4+ 74. Kg3 Kg5 75. Kg2 f4 76. Kh2 Kf5 77. Kg2 Ke4 78. Kf2 g3+ 79.
Kg2 Ke3 80. Kg1 Kf3 81. Kf1 g2+ 82. Kg1 Ke2 83. Kxg2 f3+ 84. Kg3 f2 0-1

[Event "Early-Titled-Tuesday-Blitz-October-03-2023"]
[Site "Chess.com"]
[Date "2023.10.03"]
[Round "9"]
[White "Herzog2012"]
[Black "Roedor"]
[Result "0-1"]
[WhiteElo "2495"]
[BlackElo "2409"]
[TimeControl "180+1"]
[EndTime "9:48:00 PDT"]
[Termination "Roedor won on time"]

1. e4 e5 2. Nf3 Nc6 3. Bc4 Bc5 4. c3 Nf6 5. d3 d6 6. b4 Bb6 7. a4 a5 8. b5 Ne7 9. O-O O-O 10. Nbd2 Ng6 11. Bb3 Be6 12. Bxe6 fxe6 13. Nc4 Bc5 14. Be3 Bxe3 15. Nxe3 Nf4 16. g3 Ng6 17. Kg2 b6 18. Qc2 Qe7 19. d4 h6 20. dxe5 dxe5 21. Rad1 Rf7 22. Qd3 Raf8 23. Nc4 Nh5 24. Qe3 Rxf3 25. Qxf3 Rxf3 26. Kxf3 Qc5 27. Rd8+ Kh7 28. Ne3 Qxc3 29. Rfd1 Nf6 30. Rc8 h5 31. Rdd8 Ng4 32. Rd7 Nxe3 33. Rcxc7 Nc4+ 34. Kg2 Nf8 35. Rxg7+ Kh8 36. Rgf7 Qb4 37.
Rc8 Kg8 38. Rfc7 Nd6 39. Rd8 Qxe4+ 40. Kg1 Nf7 41. Re8 Ng5 42. Rcc8 Nh7 43. Rc6 Qxa4 44. Rxb6 Qd1+ 45. Kg2 a4 46. Rbb8 a3 47. Ra8 Qb3 48.
Reb8 a2 49. b6 e4 50. b7 e3 51. fxe3 Qb2+ 52. Kh3 a1=Q 53. Rxa1 Qxa1 54. Rxf8+ Nxf8 55. b8=Q Qf6 56. Kg2 Qf5 57. Qf4 Qxf4 58. exf4 Kg7 59.
Kf3 Kg6 60. Ke4 Nd7 61. h3 Nf6+ 62. Ke5 Kf7 63. f5 Nd7+ 64. Kf4 e5+ 65. Kg5 e4 66. Kf4 Nc5 67. g4 hxg4 68. hxg4 Kf6 69. g5+ Kf7 70. Ke3 Ke7 71. Kd4 Kd6 72. g6 Ke7 0-1

[Event "Early-Titled-Tuesday-Blitz-October-03-2023"]
[Site "Chess.com"]
[Date "2023.10.03"]
[Round "9"]
[White "MdChess1734"]
[Black "Larina_Maria"]
[Result "1-0"]
[WhiteElo "2387"]
[BlackElo "2230"]
[TimeControl "180+1"]
[EndTime "9:48:01 PDT"]
[Termination "MdChess1734 won by checkmate"]

1. e4 c6 2. d4 d5 3. Nd2 dxe4 4.
Nxe4 Nf6 5. Nxf6+ exf6 6. c3 Bd6 7. Bd3 O-O 8. Ne2 Re8 9. Qc2 h5 10. O-O h4 11. h3 Nd7 12. Be3 Nf8 13. Rad1 g6 14. c4 Bc7 15. Rfe1 g5 16. Kf1 Qd6 17.
Bf5 Ne6 18. Ng1 Bd7 19. Nf3 Rad8 20. d5 cxd5 21. cxd5 Bb5+ 22. Kg1 Nf4 23. Bxf4 Qxf4 24. Rxe8+ Rxe8 25. Qc5 Be2 26. Re1 Bd6 27. Qc2 Bb5 28.
Rxe8+ Bxe8 29. Qc8 Kf8 30. Bd7 Qe4 31. Kf1 Qe7 32. Bxe8 Qxe8 33. Qxb7 Qa4 34. Qc8+ Kg7 35.
Qc3 Qb5+ 36. Kg1 Qxd5 37. Qd2 Qxd2 38. Nxd2 f5 39. Nc4 Bc5 40. Kf1 Kf6 41. Ke2 Ke6 42.
Kd3 Kd5 43. f3 f6 44. a3 Be7 45. b4 Kc6 46. Ne3 f4 47. Nf5 Bd8 48. Kc4 a6 49. a4 Bc7 50. Ne7+ Kd7 51. Nd5 Bd6 52. b5 axb5+ 53. axb5 Bb8 54. Kc5 Ke6 55. Kc6 f5 56. b6 g4 57. b7 gxf3 58. gxf3 Ke5 59. Nb6 Kd4 60. Nd7 Ba7 61. Kb5 Ke3 62. Ka6 Kxf3 63.
Kxa7 Kg3 64. b8=Q Kxh3 65. Nf6 f3 66. Qf4 f2 67. Qf3+ Kh2 68. Qxf2+ Kh1 69. Qxf5 h3 70. Qxh3+ Kg1 71. Qg4+ Kf2 72. Nh5 Ke3 73. Qf4+ Ke2 74. Ng3+ Kd3 75. Qe4+ Kd2 76. Qe2+ Kc3 77. Ne4+ Kd4 78.
Kb6 Ke5 79. Kc6 Kf4 80. Kd5 Kf5 81. Qf2+ Kg4 82. Ke5 Kh5 83. Qg3 Kh6 84. Kf6 Kh5 85. Qg5# 1-0

[Event "Early-Titled-Tuesday-Blitz-October-03-2023"]
[Site "Chess.com"]
[Date "2023.10.03"]
[Round "9"]
[White "dropstoneDP"]
[Black "ValentunHulka"]
[Result "1/2-1/2"]
[WhiteElo "3100"]
[BlackElo "2808"]
[TimeControl "180+1"]
[EndTime "9:48:20 PDT"]
[Termination "Game drawn - insufficient material"]

1. e4 c5 2. Nf3 Nc6 3. Bb5 Nf6 4. Nc3 g6 5. O-O Bg7 6. e5 Nh5 7. Bxc6 dxc6 8. d3 Bg4 9. Re1 Qc7 10. h3 Bxf3 11. Qxf3 Bxe5 12. Ne4 O-O 13. Nxc5 Bg7 14. Ne4 Nf6 15. Bf4 Qa5 16. c3 Rad8 17. Nxf6+ Bxf6 18. d4 Qd5 19. Qxd5 cxd5 20. a4 e6 21. Ra3 Rd7 22. a5 a6 23. Rb3 Rc8 24.
Ra1 Kf8 25. Ra4 Be7 26. g3 Ke8 27. h4 h5 28. Kf1 Kd8 29. Ke2 Ke8 30. Bg5 Bd6 31.
Rb6 Rc6 32. Rxc6 bxc6 33. b4 Bf8 34. Ra1 Bg7 35. Kd3 f6 36. Be3 Kf7 37. Rc1 Bf8 38.
Bd2 e5 39. Ke2 Ke6 40. Be3 Rb7 41. Kd3 Be7 42. f3 Bd6 43. Bf2 Re7 44. Re1 Kd7 45.
dxe5 fxe5 46. Be3 Rf7 47. Ke2 Ke6 48. Bg5 e4 49. fxe4 Bxg3 50. exd5+ Kxd5 51. Rd1+ Kc4 52. Rd4+ Kb3 53. Rd8 Be5 54. Rc8 Bxc3 55. Rxc6 Ra7 56. Be3 Ra8 57. Rxg6 Bxb4 58. Rg5 Rh8 59. Bb6 Rh7 60.
Kf3 Kc4 61. Ke4 Re7+ 62. Kf5 Rh7 63. Kg6 Rh8 64. Rf5 Bc3 65. Rf7 Kb5 66. Ra7 Bb4 67.
Rb7 Kc6 68. Rc7+ Kb5 69. Rf7 Bxa5 70. Bd4 Rg8+ 71. Kh7 Rd8 72. Rf5+ Kc4 73. Bf6 Bc3 74. Rf4+ Rd4 75. Bxd4 Bxd4 76. Kg6 a5 77. Kxh5 a4 78. Rf8 a3 79. Ra8 Kb3 80. Kg6 a2 81. h5 a1=Q 82. Rxa1 Bxa1 83. h6 Bb2 84. Kf7 Ba1 85. h7 Kc2 86. Kg8 Bb2 87. h8=Q Bxh8 1/2-1/2

[Event "Early-Titled-Tuesday-Blitz-October-03-2023"]
[Site "Chess.com"]
[Date "2023.10.03"]
[Round "9"]
[White "Ducke13"]
[Black "IngOscarArdila"]
[Result "1-0"]
[WhiteElo "2491"]
[BlackElo "2319"]
[TimeControl "180+1"]
[EndTime "9:48:20 PDT"]
[Termination "Ducke13 won on time"]

1. d4 Nf6 2. g3 g6 3. Bg2 Bg7 4. e4 d6 5. Ne2 O-O 6. O-O Nbd7 7.
Nbc3 c6 8. a4 a5 9. h3 Qc7 10.
Be3 e5 11. g4 Re8 12. Ng3 exd4 13. Bxd4 Nc5 14. e5 Nfd7 15. exd6 Qxd6 16. Bxg7 Qxd1 17. Raxd1 Kxg7 18. f4 Nb6 19. b3 f6 20. f5 Nbd7 21. Rd6 g5 22. Nh5+ Kf7 23. Rfd1 Re3 24. Nb1 Ke7 25.
Kf2 Re5 26. Na3 Ne4+ 27. Bxe4 Rxe4 28. Nc4 b5 29. axb5 cxb5 30. Ne3 Re5 31. Rc6 a4 32. bxa4 bxa4 33. Nd5+ Rxd5 34. Rxd5 a3 35. Rd1 a2 36. Re1+ Kf7 37. Ra1 Ke7 38. Rxc8 Rxc8 39. Rxa2 Ne5 40. Ra7+ Nd7 41. Nxf6 Rxc2+ 42. Ke3 Kxf6 43. Rxd7 Rc3+ 44. Ke4 Rxh3 45. Rd6+ Kf7 46. Ra6 h5 47. Ra7+ Kf8 48. Ra8+ Kf7 49. Ra7+ Kf6 50. Ra6+ Ke7 51. Ke5 Re3+ 52.
Kd4 Rg3 53. gxh5 Rh3 54. Ke5 Re3+ 55. Kd4 Rh3 56. Rh6 g4 57. Ke5 g3 58. Rh7+ Kf8 59. Kf6 Kg8 60. Rh6 g2 61. Rg6+ Kf8 62. Rxg2 Rxh5 63.
Rb2 Rh6+ 64. Ke5 Ra6 65. Kf4 Kf7 66. Kg5 Ra1 67. Rb7+ Ke8 68. Kg6 Rg1+ 69. Kf6 Re1 70. Rb8+ Kd7 71. Kf7 Re5 72. f6 Re1 73. Rb2 Re3 74.
Rd2+ Kc8 75. Rd5 Kc7 76. Kg8 Rg3+ 77. Kf8 Kc6 78. Rd1 Ra3 79. f7 Rg3 80. Rd4 Kc5 81.
Rd8 Kc6 82. Ke7 Re3+ 83. Kf6 Rf3+ 84. Kg6 Rg3+ 85. Kh5 Rh3+ 86. Kg4 1-0

[Event "Early-Titled-Tuesday-Blitz-October-03-2023"]
[Site "Chess.com"]
[Date "2023.10.03"]
[Round "9"]
[White "BardArtem"]
[Black "NovoselovRoman"]
[Result "1-0"]
[WhiteElo "2778"]
[BlackElo "2619"]
[TimeControl "180+1"]
[EndTime "9:48:34 PDT"]
[Termination "BardArtem won by checkmate"]

1. e4 d5 2. exd5 Qxd5 3. Nf3 Nf6 4. d4 c6 5. c4 Qd8 6. Nc3 Bg4 7. Be2 Nbd7 8. h3 Bh5 9. O-O e6 10. Bf4 Be7 11.
Re1 O-O 12. Ne5 Bxe2 13. Qxe2 Bb4 14. Rac1 Nxe5 15. dxe5 Nd7 16. a3 Bxc3 17. Rxc3 Qe7 18. Rg3 Kh8 19. b4 a5 20. Bg5 Qe8 21. Qh5 f5 22.
Qd1 h6 23. Bf4 axb4 24. axb4 Nb6 25. Qc1 Kh7 26. Be3 Nd7 27. f4 Ra4 28. Bd2 Qe7 29. Rd3 Rd8 30. Qd1 Raa8 31. Be3 Nf8 32. Bc5 Rxd3 33. Qxd3 Qh4 34. Rf1 Rd8 35. Qf3 Ng6 36.
b5 Rc8 37. b6 Rd8 38. Bd6 Ra8 39. Kh2 Ra2 40. Qg3 Qxg3+ 41. Kxg3 Rc2 42. Ra1 Rc3+ 43. Kf2 Nxf4 44. Ra7 Rxc4 45. Rxb7 Nd5 46. Rb8 Rc2+ 47. Kf3 Rb2 48. b7 Kg6 49. g4 h5 50. gxh5+ Kg5 51. h6 gxh6 52. Rg8+ Kh5 53. b8=Q Rxb8 54. Rxb8 c5 55. Re8 c4 56. Rc8 c3 57. Rc4 Kg5 58.
Ke2 f4 59. Kf3 Kf5 60. Rc5 h5 61. Bc7 c2 62. Rxc2 Ne3 63. Rc3 Nd5 64. Rc4 h4 65. Bd6 Kg5 66. Rc8 Kf5 67. Rh8 Kg5 68. Rg8+ Kf5 69. Rg4 Nc3 70. Rxf4+ Kg5 71. Be7+ Kg6 72. Rf6+ Kh5 73. Rxe6 Nd5 74. Bd6 Nf4 75. Rf6 Nxh3 76. Rf5+ Kg6 77. Kg4 Nf2+ 78. Rxf2 h3 79. Kxh3 Kg5 80.
Kg3 Kh5 81. e6 Kg6 82. e7 Kg5 83. e8=Q Kh6 84. Rf6+ Kg5 85. Qg6# 1-0

[Event "Early-Titled-Tuesday-Blitz-October-03-2023"]
[Site "Chess.com"]
[Date "2023.10.03"]
[Round "9"]
[White "Rutricks"]
[Black "MightyGMpretender"]
[Result "1/2-1/2"]
[WhiteElo "2691"]
[BlackElo "2814"]
[TimeControl "180+1"]
[EndTime "9:49:19 PDT"]
[Termination "Game drawn - insufficient material"]

1. Nf3 e6 2. e3 b6 3. c4 Bb7 4.
b3 Nf6 5. Bb2 g6 6. Be2 Bg7 7.
O-O O-O 8. Nc3 d6 9. Rc1 Nbd7 10.
d4 Ne4 11. Nd2 Nxc3 12. Bxc3 f5 13. Bf3 Qb8 14. e4 e5 15. exf5 exd4 16. Bb2 gxf5 17. Bd5+ Kh8 18. Nf3 c5 19. Ng5 Bxd5 20. cxd5 Nf6 21.
Qf3 Qb7 22. Ne6 Rf7 23. Ng5 Re7 24. Rfe1 Rae8 25. Rxe7 Rxe7 26. Qxf5 Qxd5 27. Qf4 Qe5 28. Qxe5 dxe5 29. b4 Bh6 30. h4 Rc7 31. bxc5 bxc5 32. f4 Nd5 33. fxe5 Bxg5 34. hxg5 Kg7 35. e6 Kf8 36.
Rc4 Nb6 37. Rc1 Rc8 38. Ba3 Na4 39. Rc4 d3 40. Rxa4 Ke8 41. Kf2 Rc6 42. Re4 c4 43. Bb4 c3 44. Ke3 d2 45. Ke2 c2 46. Bxd2 c1=Q 47.
Bxc1 Rxc1 48. Ra4 Rc7 49. Ra6 Rg7 50. Kf3 Rxg5 51. Rxa7 Re5 52. Rxh7 Rxe6 53. Ra7 Rf6+ 54. Ke2 Re6+ 55. Kf2 Rf6+ 56. Kg1 Kf8 57. g3 Kg8 58. Kg2 Rf5 59. g4 Rf4 60. Kg3 Rf6 61. a4 Rf1 62.
a5 Rf6 63. a6 Rf1 64. Kh4 Rf6 65. Kg5 Rb6 66. Kh5 Rf6 67. Kg5 Rb6 68. Kf5 Rc6 69. Ke5 Rg6 70. Kf4 Rb6 71. g5 Rc6 72. Ke5 Rg6 73.
Kf5 Rb6 74. Ra8+ Kg7 75. Ke5 Rg6 76. Kd5 Rb6 77. Kc5 Rg6 78. Kb5 Rxg5+ 79. Kb6 Rg1 80. Ka7 Kf7 81. Rb8 Ke7 82. Rc8 Rb1 83. Rc7+ Kd6 84. Rb7 Ra1 85. Rh7 Kc6 86. Rh6+ Kc7 87. Rh2 Ra3 88. Rc2+ Kd7 89. Rc5 Rb3 90. Rc1 Rb2 91.
Rd1+ Kc7 92. Rc1+ Kd7 93. Rh1 Rb3 94. Rh7+ Kc8 95. Rb7 Ra3 96. Rb2 Kc7 97. Rc2+ Kd7 98. Rb2 Rc3 99. Kb6 Rc6+ 100. Kb7 Rc7+ 101. Kb6 Rc6+ 102. Ka5 Rc1 103. a7 Kc7 104. Ra2 Kb7 105. Kb5 Ka8 106. Ra6 Rb1+ 107. Kc4 Rc1+ 108. Kb3 Rg1 109. Rf6 Rg3+ 110. Kc4 Rg7 111. Rf8+ Kxa7 112. Rf1 Kb7 113. Ra1 Kc6 114. Ra6+ Kb7 115. Rh6 Rg4+ 116. Kd5 Rg5+ 117. Ke4 Rg1 118. Rh2 Kc7 119. Rc2+ Kd6 120. Ra2 Ke6 121. Ra6+ Kd7 122. Ra7+ Kd6 123. Rh7 Re1+ 124. Kd3 Re7 125. Rxe7 Kxe7 1/2-1/2

[Event "Early-Titled-Tuesday-Blitz-October-03-2023"]
[Site "Chess.com"]
[Date "2023.10.03"]
[Round "10"]
[White "Boxerandchessplayer"]
[Black "valemava"]
[Result "0-1"]
[WhiteElo "2156"]
[BlackElo "2280"]
[TimeControl "180+1"]
[EndTime "9:50:27 PDT"]
[Termination "valemava won by resignation"]

1. d4 c6 2. c4 b5 3. cxb5 cxb5 4. Nf3 Bb7 5. e3 a6 6. Be2 Nf6 7. O-O e6 8. b3 Be7 9. Bb2 O-O 10. Nbd2 Bxf3 11.
Re1 Bxe2 0-1

[Event "Early-Titled-Tuesday-Blitz-October-03-2023"]
[Site "Chess.com"]
[Date "2023.10.03"]
[Round "10"]
[White "Mops_2004"]
[Black "Doomfist26"]
[Result "1-0"]
[WhiteElo "2817"]
[BlackElo "2599"]
[TimeControl "180+1"]
[EndTime "9:52:12 PDT"]
[Termination "Mops_2004 won by resignation"]

1. g3 e5 2. c4 Nc6 3. Bg2 d6 4. Nc3 h5 5. Nf3 h4 6. Nxh4 Rxh4 7. gxh4 Qxh4 8. Nd5 Qd8 9. d3 Be6 10. Be3 f5 11.
Qa4 f4 12. Bd2 Qd7 13. O-O-O Bxd5 14. cxd5 Nd4 15. Qxd7+ Kxd7 16. e3 fxe3 17. fxe3 Nb5 18. a4 1-0

[Event "Early-Titled-Tuesday-Blitz-October-03-2023"]
[Site "Chess.com"]
[Date "2023.10.03"]
[Round "10"]
[White "Khromkin"]
[Black "kingapolak"]
[Result "1-0"]
[WhiteElo "2451"]
[BlackElo "1783"]
[TimeControl "180+1"]
[EndTime "9:52:16 PDT"]
[Termination "Khromkin won by resignation"]

1. d4 d5 2. c4 e6 3. Nc3 Nf6 4. Bg5 Nbd7 5. e3 c6 6. cxd5 exd5 7. Qc2 Be7 8. Bd3 O-O 9. Nf3 Re8 10. O-O Nf8 11.
Rae1 Ne4 12. Bxe7 Qxe7 13. Bxe4 dxe4 14. Nd2 f5 15. f3 exf3 16. Nxf3 Ng6 17. e4 fxe4 18.
Rxe4 Bf5 19. Qb3+ Qf7 20. Qxf7+ Kxf7 21. Ng5+ Kf6 22. Nxh7+ Kf7 23. Rxf5+ Kg8 24. Ng5 1-0

[Event "Early-Titled-Tuesday-Blitz-October-03-2023"]
[Site "Chess.com"]
[Date "2023.10.03"]
[Round "10"]
[White "Cheer_Down"]
[Black "Darko-Dimitrijevic"]
[Result "1-0"]
[WhiteElo "2387"]
[BlackElo "2199"]
[TimeControl "180+1"]
[EndTime "9:52:28 PDT"]
[Termination "Cheer_Down won by checkmate"]

1. e4 d6 2. d4 Nf6 3. Nc3 c6 4.
f4 Qa5 5. e5 Nd5 6. Bd2 Nxc3 7.
bxc3 d5 8. Bd3 e6 9. Nf3 Be7 10. O-O g6 11. c4 Qc7 12. cxd5 exd5 13. f5 Nd7 14. e6 fxe6 15. fxg6 hxg6 16. Bxg6+ Kd8 17.
Ng5 Qxh2+ 18. Kf2 Qh4+ 19. g3 Qxd4+ 20. Be3 Qxd1 21. Nxe6# 1-0

[Event "Early-Titled-Tuesday-Blitz-October-03-2023"]
[Site "Chess.com"]
[Date "2023.10.03"]
[Round "10"]
[White "Zablotsky"]
[Black "Let_it_be_1"]
[Result "1-0"]
[WhiteElo "2744"]
[BlackElo "2625"]
[TimeControl "180+1"]
[EndTime "9:52:54 PDT"]
[Termination "Zablotsky won by resignation"]

1. Nf3 d5 2. g3 e6 3. Bg2 Nf6 4. O-O Be7 5. d4 O-O 6. c4 dxc4 7. Qc2 a6 8. a4 Bd7 9. Bg5 Bc6 10. Bxf6 Bxf6 11.
Rd1 b5 12. Nc3 Nd7 13. Ng5 Bxg5 14. Bxc6 Rb8 15. axb5 axb5 16. Nxb5 Nb6 17. Ra7 Nd5 18. Qxc4 Be7 19. Bxd5 exd5 20. Qxc7 Rxb5 21. Qxe7 Rxb2 22. Rc1 Qb6 23. Qxf8+ 1-0

[Event "Early-Titled-Tuesday-Blitz-October-03-2023"]
[Site "Chess.com"]
[Date "2023.10.03"]
[Round "10"]
[White "Mesa_1"]
[Black "Wizard_97"]
[Result "0-1"]
[WhiteElo "2625"]
[BlackElo "2546"]
[TimeControl "180+1"]
[EndTime "9:53:33 PDT"]
[Termination "Wizard_97 won by resignation"]

1. d4 Nf6 2. c4 e6 3. Nc3 Bb4 4.
e3 c5 5. Ne2 cxd4 6. exd4 d5 7.
c5 O-O 8. a3 Bxc3+ 9. Nxc3 Nc6 10. Bb5 Bd7 11. O-O a6 12. Bd3 Nxd4 13. Bxh7+ Nxh7 14. Qxd4 Qf6 15. Qd3 Bc6 16. Be3 Rad8 17. Rad1 Qe7 18.
Qe2 Nf6 19. Bd4 Rfe8 20. Rfe1 Nd7 21. b4 e5 22. Qg4 Qf6 23. Be3 d4 24. Bg5 Qg6 25.
Ne2 Nf6 26. Qh4 Nh7 0-1

[Event "Early-Titled-Tuesday-Blitz-October-03-2023"]
[Site "Chess.com"]
[Date "2023.10.03"]
[Round "10"]
[White "JoseRemolar"]
[Black "NelsonLinda"]
[Result "1-0"]
[WhiteElo "2483"]
[BlackElo "2583"]
[TimeControl "180+1"]
[EndTime "9:53:33 PDT"]
[Termination "JoseRemolar won by resignation"]

1. e4 c5 2. Nf3 e6 3. d4 cxd4 4.
Nxd4 Nf6 5. Nc3 d6 6. Bd3 Nc6 7. Nb3 Be7 8. O-O O-O 9. f4 a6 10. a3 b5 11. Qe2 Bb7 12. Rf3 e5 13. f5 Nd4 14. Nxd4 exd4 15. Nd1 Nd7 16. Rh3 Bf6 17. Qh5 h6 18. Bxh6 Re8 19. Bf4 1-0

[Event "Early-Titled-Tuesday-Blitz-October-03-2023"]
[Site "Chess.com"]
[Date "2023.10.03"]
[Round "10"]
[White "campochess"]
[Black "ljuks68"]
[Result "0-1"]
[WhiteElo "2152"]
[BlackElo "2389"]
[TimeControl "180+1"]
[EndTime "9:53:33 PDT"]
[Termination "ljuks68 won by resignation"]

1. d4 d5 2. Bg5 f6 3. Bd2 c5 4. c3 Nc6 5. e3 e5 6. Bb5 Bd6 7. Qh5+ g6 8. Qe2 e4 9. dxc5 Bxc5 10.
a4 f5 11. Na3 Nf6 12. c4 d4 13. exd4 Bxd4 14. Bc3 Bxc3+ 15. bxc3 O-O 16. Bxc6 bxc6 17.
Nh3 Qc7 18. O-O f4 19. Ng5 Qe5 20. h4 h6 21. Nh3 f3 22. Qe3 Qf5 23. Qxh6 fxg2 24.
Rfe1 Qxh3 25. Qxg6+ Kh8 26. Qxg2 Rg8 0-1

[Event "Early-Titled-Tuesday-Blitz-October-03-2023"]
[Site "Chess.com"]
[Date "2023.10.03"]
[Round "10"]
[White "Casper"]
[Black "LeoLV10"]
[Result "0-1"]
[WhiteElo "2429"]
[BlackElo "2588"]
[TimeControl "180+1"]
[EndTime "9:53:34 PDT"]
[Termination "LeoLV10 won by resignation"]

1. e4 c6 2. d4 d5 3. exd5 cxd5 4. Nf3 Nc6 5. Bb5 Bd7 6. O-O Nf6 7. Bf4 a6 8. Bd3 g6 9. h3 Bg7 10. c3 O-O 11. a4 Bf5 12. Bxf5 gxf5 13. Re1 e6 14.
Ne5 Nxe5 15. Bxe5 Nd7 16. Bxg7 Kxg7 17. Nd2 Rg8 18. Qh5 Qf6 19. Nf3 Kh8 20. Ne5 Nxe5 21. dxe5 Qe7 22. a5 Rg5 23. Qh6 Rg6 24. Qh5 Rag8 25. g3 Qc5 26. Kg2 f4 27. g4 Qf8 28.
Ra4 Rh6 0-1

[Event "Early-Titled-Tuesday-Blitz-October-03-2023"]
[Site "Chess.com"]
[Date "2023.10.03"]
[Round "10"]
[White "Likvidator228"]
[Black "djano"]
[Result "0-1"]
[WhiteElo "2578"]
[BlackElo "2681"]
[TimeControl "180+1"]
[EndTime "9:53:43 PDT"]
[Termination "djano won by resignation"]

1. d4 d5 2. Nf3 Nf6 3. Bf4 c5 4. e3 Nc6 5. Nbd2 cxd4 6. exd4 Qb6 7.
Nb3 Bg4 8. Be2 e6 9. O-O Be7 10.
h3 Bf5 11. a4 O-O 12. a5 Qd8 13. c3 Ne8 14. Ne5 Nxe5 15. Bxe5 Nd6 16. Nc5 b6 17. axb6 axb6 18. Nd3 Nc4 19. b3 Nxe5 20. Nxe5 Qc7 21.
Qd2 Bd6 22. Nd3 Rfc8 23. Rxa8 Rxa8 24. Rc1 Ra3 25. c4 dxc4 26. Rxc4 Ra1+ 27. Bf1 Bh2+ 0-1

[Event "Early-Titled-Tuesday-Blitz-October-03-2023"]
[Site "Chess.com"]
[Date "2023.10.03"]
[Round "10"]
[White "ural58"]
[Black "ozates"]
[Result "0-1"]
[WhiteElo "2511"]
[BlackElo "2628"]
[TimeControl "180+1"]
[EndTime "9:53:53 PDT"]
[Termination "ozates won by resignation"]

1. e4 e5 2. Nf3 Nc6 3. Bc4 g6 4. d4 exd4 5. Nxd4 Bg7 6. Nxc6 bxc6 7. O-O Ne7 8. Nc3 O-O 9. Bg5 h6 10. Bh4 Kh7 11. Bb3 g5 12. Bg3 f5 13. exf5 Nxf5 14.
Qd3 Kh8 15. Rae1 d6 16. f4 g4 17. Bf2 a5 18. Ne2 a4 19. Bc4 d5 20. c3 dxc4 21.
Qxc4 Qd5 22. Qb4 Ba6 23. Rd1 Qc4 24. Rfe1 Qxb4 25. cxb4 Bxb2 0-1

[Event "Early-Titled-Tuesday-Blitz-October-03-2023"]
[Site "Chess.com"]
[Date "2023.10.03"]
[Round "10"]
[White "dennisodessa"]
[Black "IsuruAlahakoon"]
[Result "0-1"]
[WhiteElo "2471"]
[BlackElo "2339"]
[TimeControl "180+1"]
[EndTime "9:53:56 PDT"]
[Termination "IsuruAlahakoon won on time"]

1. d4 d5 2. c4 e6 3. Nc3 Nf6 4.
cxd5 exd5 5. Bg5 c6 6. e3 Bd6 7.
Bd3 O-O 8. Qc2 h6 9. Bh4 Re8 10. Nge2 a5 11. a3 Na6 12. h3 Nc7 13. g4 Ne6 14. O-O-O b5 15. f4 b4 16. Nb1 c5 17. g5 Nd7 0-1

[Event "Early-Titled-Tuesday-Blitz-October-03-2023"]
[Site "Chess.com"]
[Date "2023.10.03"]
[Round "10"]
[White "Marcin"]
[Black "vedantgoswami"]
[Result "1-0"]
[WhiteElo "2508"]
[BlackElo "2396"]
[TimeControl "180+1"]
[EndTime "9:54:03 PDT"]
[Termination "Marcin won by resignation"]

1. Nf3 c6 2. c4 d5 3. g3 d4 4. e3 dxe3 5. fxe3 Nf6 6. Bg2 g6 7.
O-O Bg7 8. d4 O-O 9. Nc3 Nbd7 10. e4 e5 11. d5 Nc5 12. Qe2 cxd5 13. cxd5 b6 14. Kh1 Ba6 15. Nb5 Ncxe4 16. a4 Re8 17.
Ng5 Nd6 18. Bd2 Qd7 19. Bh3 Qe7 20. Bb4 Bxb5 21. axb5 Nxd5 22. Bxd6 Qxg5 23. Bg2 e4 24. Rad1 Rad8 25. h4 Qe3 26. Qc4 Rxd6 27. Rxd5 Rxd5 28. Qxd5 Qxg3 29. Qxf7+ 1-0

[Event "Early-Titled-Tuesday-Blitz-October-03-2023"]
[Site "Chess.com"]
[Date "2023.10.03"]
[Round "10"]
[White "DarZay"]
[Black "emeli_chess"]
[Result "0-1"]
[WhiteElo "2219"]
[BlackElo "2357"]
[TimeControl "180+1"]
[EndTime "9:54:15 PDT"]
[Termination "emeli_chess won by checkmate"]

1. e4 c5 2. f4 Nc6 3. Nf3 g6 4. d4 cxd4 5. Nxd4 Bg7 6. Nxc6 bxc6 7. c3 d5 8. e5 e6 9. Bd3 Ne7 10. O-O O-O 11. Be3 a5 12. a4 Ba6 13. Bxa6 Rxa6 14.
Qd3 Qc8 15. Bc5 Re8 16. b4 axb4 17. cxb4 Qa8 18. a5 Bf8 19. Nc3 Nf5 20. Bxf8 Rxf8 21.
b5 cxb5 22. Qxb5 Rb8 23. Qa4 Ne3 24. Rfc1 Nc4 25. Rab1 Rxb1 26. Rxb1 Rxa5 27. Qd7 Ra7 28. Qb5 Ra1 29. Rxa1 Qxa1+ 30. Kf2 Qxc3 31. Qc5 Qc2+ 32. Kg3 Qd3+ 33. Kf2 d4 34. Qe7 Qe3+ 35. Kf1 Nd2# 0-1

[Event "Early-Titled-Tuesday-Blitz-October-03-2023"]
[Site "Chess.com"]
[Date "2023.10.03"]
[Round "10"]
[White "Al_Shima"]
[Black "Yushko_Olga"]
[Result "0-1"]
[WhiteElo "2330"]
[BlackElo "2113"]
[TimeControl "180+1"]
[EndTime "9:54:17 PDT"]
[Termination "Yushko_Olga won on time"]

1. b3 e6 2. Bb2 f5 3. e3 Nf6 4. h3 Be7 5. g4 d6 6. g5 Ne4 7. Bxg7 Rg8 8. Qh5+ Kd7 9. Bb2 Rxg5 10.
Qxh7 Nc6 0-1

[Event "Early-Titled-Tuesday-Blitz-October-03-2023"]
[Site "Chess.com"]
[Date "2023.10.03"]
[Round "10"]
[White "sokidze"]
[Black "dropstoneDP"]
[Result "1-0"]
[WhiteElo "2813"]
[BlackElo "3086"]
[TimeControl "180+1"]
[EndTime "9:54:27 PDT"]
[Termination "sokidze won by checkmate"]

1. d4 Nf6 2. c4 e6 3. Nc3 Bb4 4. e3 O-O 5. Bd2 c5 6. a3 Bxc3 7. Bxc3 Ne4 8. Ne2 b6 9. d5 Ba6 10. b3 b5 11. Qd3 Nxc3 12. Nxc3 bxc4 13. bxc4 exd5 14. Qxd5 Nc6 15. Be2 Qa5 16. Rc1 Qxa3 17. O-O Rad8 18. Qd2 Qa5 19. Ra1 Qb6 20. Nd5 Qb7 21.
Qa2 Bxc4 22. Bxc4 Ne5 23. Rfb1 Qa8 24. Ne7+ Kh8 25. Bd5 Nc6 26. Nxc6 dxc6 27. Bxf7 Qc8 28. Rd1 Rxd1+ 29. Rxd1 Qg4 30. Rc1 h6 31. Bc4 Rd8 32.
g3 h5 33. Qe2 Qf5 34. Rd1 Ra8 35. Bd3 Qf7 36. Rc1 a5 37. Rxc5 g6 38. Qb2+ Kh7 39. Rxh5+ Kg8 40. Rh8# 1-0

[Event "Early-Titled-Tuesday-Blitz-October-03-2023"]
[Site "Chess.com"]
[Date "2023.10.03"]
[Round "10"]
[White "MatyChess1"]
[Black "Bilan_Danila"]
[Result "1-0"]
[WhiteElo "2749"]
[BlackElo "2532"]
[TimeControl "180+1"]
[EndTime "9:54:32 PDT"]
[Termination "MatyChess1 won by resignation"]

1. d4 d5 2. Bf4 Nf6 3. e3 c5 4. Nf3 Nc6 5. Nbd2 cxd4 6. exd4 Bg4 7. c3 e6 8. Bd3 Bd6 9. Bxd6 Qxd6 10. O-O O-O 11.
Qe1 a6 12. Ne5 Bh5 13. f4 Bg6 14. Bxg6 hxg6 15. Qh4 Ne7 16. g4 Ne4 17. Nxe4 dxe4 18. Rae1 f6 19. Nc4 Qc6 20. Nd2 Kf7 21. Nxe4 b5 22.
Nc5 Qd5 23. Rxe6 Qxa2 24. Rfe1 Rfe8 25. Rxf6+ Kg8 26. Rfe6 Kf7 27. Rxe7+ 1-0